 Dungeon Crawl Stone Soup version 0.27.0-1-g7a089689b8 (webtiles) character file.

Game seed: 6246692143950998842

53 MajorAdolf the Skirmisher (level 3, 0/36 HPs)
             Began as a Naga Wanderer on Aug 10, 2021.
             Succumbed to an adder's poison
             ... on level 2 of the Dungeon.
             The game lasted 00:02:22 (1614 turns).

MajorAdolf the Skirmisher (Naga Wanderer)           Turns: 1614, Time: 00:02:23

Health: 0/36       AC:  4    Str: 13 (14) XL:     3   Next: 87%
Magic:  3/3        EV:  7    Int: 13 (14) God:
Gold:   76         SH:  0    Dex:  7 (9)  Spells: 2/2 levels left

rFire    . . .     SeeInvis +   a - +0 quarterstaff
rCold    . . .     Faith    .   (shield currently unavailable)
rNeg     . . .     Spirit   .   i - +0 scale mail
rPois    +         Reflect  .   (no helmet)
rElec    .         Harm     .   (no cloak)
rCorr    .         Rampage  .   (no gloves)
Will     .....                  (no barding)
Stlth    ..........             (no amulet)
HPRegen  0.12/turn              (no ring)
MPRegen  0.08/turn              (no ring)

@: lethally poisoned (0 -> -3), short of breath, very slow
A: AC +1, large, see invisible, deformed body, poison resistance, slowness 2,
spit poison 1, naga tail 1
a: Spit Poison


You were on level 2 of the Dungeon.
You visited 1 branch of the dungeon, and saw 2 of its levels.

You collected 76 gold pieces.

Inventory:

Hand Weapons
 a - a +0 quarterstaff (weapon)
Missiles
 b - 2 throwing nets (quivered)
Armour
 c - a +0 leather armour
 i - a +0 scale mail (worn)
Scrolls
 d - 3 scrolls of teleportation
 h - a scroll of noise {unknown}
 k - 2 scrolls of fog {unknown}
 l - a scroll of amnesia {unknown}
Potions
 f - a potion of flight {unknown}
 g - a potion of magic {unknown}
 j - a potion of ambrosia {unknown}


   Skills:
 + Level 3.6 Fighting
 - Level 1.0 Short Blades
 - Level 1.0 Staves
 - Level 1.0 Throwing
 - Level 3.5 Dodging
 - Level 1.5 Stealth


You had 2 spell levels left.
You didn't know any spells.
Your spell library contained the following spells:

 Spells                   Type           Power      Damage    Failure   Level
 Ozocubu's Armour         Ice            0%         N/A       99%         3
 Ozocubu's Refrigeration  Ice            0%         4d5       100%        7


Dungeon Overview and Level Annotations

Branches:
Dungeon (2/15)

Altars:


Innate Abilities, Weirdness & Mutations

Your serpentine skin is tough. (AC +1)
You have supernaturally acute eyesight. (SInv)
Armour fits poorly on your strangely shaped body.
Your system is resistant to poisons. (rPois)
You cover ground very slowly.
You can spit poison.
You have a snake-like lower body.


Message History

The hobgoblin hits you but does no damage.
You hit the adder.
The adder is almost dead.
The adder bites you.
You are poisoned.
The adder poisons you! The hobgoblin hits you. The adder bites you.
You are too injured to fight recklessly!
You are too injured to fight recklessly!
You are too injured to fight recklessly!
You are too injured to fight recklessly!
You are too injured to fight recklessly!
There are monsters nearby!
You are too injured to fight recklessly!
Unknown command.
You barely miss the adder.
The adder is almost dead.
You feel very sick. The hobgoblin hits you. The adder bites you.
* * * LOW HITPOINT WARNING * * *
The hobgoblin hits you.
* * * LOW HITPOINT WARNING * * *
The adder bites you.
* * * LOW HITPOINT WARNING * * *
You hit the adder.
You kill the adder!
You feel sick. The hobgoblin hits you.
* * * LOW HITPOINT WARNING * * *
Unknown command.
Press: ? - help, Shift-Dir - straight line, f - hobgoblin
Aim: a hobgoblin The splash of poison hits the hobgoblin.
The hobgoblin is poisoned.
The hobgoblin is lightly wounded.
* * * LOW HITPOINT WARNING * * *
You feel sick. The hobgoblin hits you.
* * * LOW HITPOINT WARNING * * *
It was a potion of degeneration.
There was something very wrong with that liquid.
You feel weakened.
You feel dopey.
You feel clumsy.
You die...

### ..# #. .. ##.# #..# #.#
#g†# #..# ... #.@# #.# ...
#.# #..# #.# #.####+####.#
#.## #.# ........#.#.# #.#
#.# ........#.#.###.# #.#
.......>........# #.#
........#...##### #.#
........#.#.##.#####.######
........#.#'##.##.........#


You could see a hobgoblin (poisoned).

Vanquished Creatures
  A gnoll (D:1)
  An adder (D:2)
  8 ball pythons
  4 endoplasms (D:1)
  A giant cockroach (D:2)
  6 goblins (D:1)
  2 hobgoblins (D:1)
  A jackal (D:1)
  2 quokkas
  3 bats (D:1)
  2 rats (D:1)
31 creatures vanquished.

Notes
Turn   | Place    | Note
-------+----------+-------------------------------------------
     0 | D:1      | MajorAdolf the Naga Wanderer began the quest for the Orb.
     0 | D:1      | MajorAdolf set off with the following items: a +0
                  | quarterstaff, 2 throwing nets, a +0 leather armour, a
                  | scroll of teleportation
     0 | D:1      | Reached XP level 1. HP: 19/19 MP: 1/1
   250 | D:1      | Reached XP level 2. HP: 26/26 MP: 2/2
   653 | D:1      | Reached XP level 3. HP: 5/34 MP: 3/3
  1613 | D:2      | HP: 1/36 [hobgoblin (2)]
  1614 | D:2      | Succumbed to an adder's poison

Illustrated notes

Levels and vault maps discovered:
D:1:      dpeg_arrival_stonehenge_8_columns, layout_loops_ring, minmay_circled_x
D:2:      layout_basic, shapermc_ecumenical_altar_flowoftime,
          minmay_strange_pillars, minivault_26

Skill      XL: |  1  2 |
---------------+-------+-----
Fighting       | 3 |  3.6
Short Blades   | |  1.0
Staves         | |  1.0
Throwing       | |  1.0
Dodging        | |  3.5
Stealth        | |  1.5

Action                   || total
-------------------------++-------
Melee: Quarterstaff      ||    72
 Abil: Spit Poison       ||     6
  Use: Potion            ||     1
Armor: Leather armour    ||    16
       Scale mail        ||    17
Dodge: Dodged            ||    39
